 Dungeon Crawl Stone Soup version 0.16-a0-3606-g1520cdc (webtiles) character file.

1306 Minkie the Covert (level 8, -8/52 HPs)
             Began as a Vampire Enchanter on Jan 12, 2015.
             Was a Believer of Vehumet.
             Mangled by a black bear (9 damage)
             ... on level 5 of the Dungeon.
             The game lasted 00:28:54 (5894 turns).

Minkie the Covert (Vampire Enchanter)               Turns: 5894, Time: 00:28:54

Health: -8/52      AC:  6    Str:  7    XL:     8   Next: 32%
Magic:  3/13       EV: 12    Int: 19    God:    Vehumet [**....]
Gold:   53         SH:  0    Dex: 14    Spells: 3 memorised, 5 levels left

rFire  x . .     SeeInvis +     a - +1 dagger
rCold  + + +     Clarity  .     b - +2 robe
rNeg   + + +     SustAb   .     (no shield)
rPois  +         Gourm    .     (no helmet)
rElec  .         Spirit   .     (no cloak)
rCorr  .         Warding  .     (no gloves)
rMut   +         Stasis   .     (no boots)
MR     .....                    u - amulet of resist mutation
Stlth  +++++.....               B - +2 ring of protection
                                C - ring of ice

@: regenerating slowly, not resistant to hostile enchantments, quite stealthy
A: bottle blood, fangs 3, see invisible, unbreathing
a: Bat Form, Renounce Religion


You were on level 5 of the Dungeon.
You worshipped Vehumet.
Vehumet was pleased with you.
You were near bloodless.

You visited 1 branch of the dungeon, and saw 6 of its levels.

You collected 433 gold pieces.
You spent 380 gold pieces at shops.

Inventory:

Hand weapons
 a - a +1 dagger (weapon)
Missiles
 x - 4 javelins (quivered)
Armour
 b - a +2 robe (worn)
Jewellery
 u - an amulet of resist mutation (around neck)
 B - a +2 ring of protection (right hand)
 C - a ring of ice (left hand)
Magical devices
 s - a wand of lightning (11)
 t - a wand of frost (35)
 v - a wand of hasting (3)
Scrolls
 e - 2 scrolls of remove curse
 i - a scroll of noise {unknown}
 k - a scroll of teleportation {unknown}
 l - a scroll of immolation {unknown}
 m - a scroll of fear {unknown}
 n - 2 scrolls of random uselessness {unknown}
 r - 2 scrolls of enchant armour
 y - a scroll of enchant weapon {unknown}
 z - a scroll of amnesia {unknown}
Potions
 d - a potion of blood
 f - a potion of heal wounds
 g - 2 potions of restore abilities
 j - a potion of magic {unknown}
 o - a potion of might {unknown}
 p - a potion of poison {unknown}
 q - 2 potions of agility {unknown}
 w - a potion of brilliance {unknown}
 A - a potion of haste {unknown}
Books
 c - a book of Maledictions

   Spells                             Type                      Level
   a - Corona                         Hexes                        1
   b - Sure Blade                     Hexes/Charms                 2
   c - Ensorcelled Hibernation        Hexes/Ice                    2
   d - Confuse                        Hexes                        3
   e - Dazzling Spray                 Conjuration/Hexes            3
   f - Enslavement                    Hexes                        4


   Skills:
 * Level 7.1 Short Blades
 - Level 2.1 Dodging
 + Level 8.2 Stealth
 - Level 2.0 Spellcasting
 + Level 7.8 Hexes
 + Level 4.3 Ice Magic


You had 5 spell levels left.
You knew the following spells:

 Your Spells              Type           Power        Failure   Level  Hunger
a - Corona                Hex            ####...      1%          1    #......
b - Ensorcelled Hibernat  Hex/Ice        #####.       1%          2    ###....
c - Confuse               Hex            ####....     1%          3    ###....


Dungeon Overview and Level Annotations

Branches:
Dungeon (6/15)             Temple (0/1) D:4

Altars:
Ashenzari
Cheibriados
Okawaru
Qazlal
Vehumet
Xom

Shops:
D:4 =}*=*

Annotations:
D:5 Grinder


Innate Abilities, Weirdness & Mutations

You heal slowly.
You can bottle blood from corpses.
You have razor-sharp teeth.
You have supernaturally acute eyesight.
You can survive without breathing.


Message History

* * * LOW HITPOINT WARNING * * *
The black bear claws you but does no damage.
The black bear claws you.
* * * LOW HITPOINT WARNING * * *
Casting: Confuse
Confirm with . or Enter, or press ? or * to list all spells.
Aiming: Confuse
Press: ? - help, Shift-Dir - straight line, f/p - black bear
Aim: a black bear (chance 61%)
The black bear appears confused.
Casting: Confuse
Confirm with . or Enter, or press ? or * to list all spells.
Aiming: Confuse
Press: ? - help, Shift-Dir - straight line, f - Grinder, p - black bear
Aim: Grinder (chance 61%) Grinder appears confused.
You hit the black bear but do no damage.
You bite the black bear, but do no damage.
The black bear bites you!
You die...

#.##.........#########.......#
#.##.........................#
#.##.........#########..##.###
#.##...........#####...##...##
#.##.........#.#......##.....#
#.##.........#.#.###..#.......
#.##.........#.#.# ####..._...
####.#####......#.#.######.......
..)..# #....5>@h.......##.....#
#.#### ####.#.###.###...##...##
#.# #.#.#)..# #....#####. #.#
###### #...P.#####.........# #.#
#....# #.....# #............ #.#
#....# ##....P# #.....###....
#.###....###.♣≈≈♣.♣##.....###....
#........'...≈≈♣...P#.....#.....#
#####....#...♣≈≈♣♣..#######...###


You could see Grinder (confused) and a black bear (confused).

Vanquished Creatures
  The ghost of aori the Covert, an average SpEn (D:3)
  3 ogres
  A centaur (D:4)
  Sigmund (D:2)
  A big kobold (D:4)
  A gnoll sergeant (D:4)
  A scorpion (D:4)
  A crimson imp (D:5)
  A goliath beetle (D:5)
  An orc priest (D:4)
  A centaur skeleton (D:5)
  A giant frog skeleton (D:4)
  4 worker ants (D:4)
  2 hounds (D:5)
  An orc wizard (D:4)
  Robin (D:3)
  7 gnolls (D:4)
  3 adders
  A giant mite (D:5)
  2 worms (D:2)
  3 giant geckos
  10 orcs
  2 ball pythons (D:1)
  5 giant cockroaches
  41 goblins
  27 hobgoblins
  11 jackals
  11 kobolds
  4 quokkas
  5 bats
  2 giant gecko skeletons
  9 giant newts
  A quokka skeleton (D:4)
  11 rats
  A fungus (D:1)
178 creatures vanquished.

Notes
Turn   | Place    | Note
--------------------------------------------------------------
     0 | D:1      | Minkie, the Vampire Enchanter, began the quest for the Orb.
     0 | D:1      | Reached XP level 1. HP: 13/13 MP: 3/3
   424 | D:1      | Reached XP level 2. HP: 17/19 MP: 4/4
   428 | D:1      | Learned a level 2 spell: Ensorcelled Hibernation
   883 | D:2      | Reached skill level 5 in Stealth
  1061 | D:2      | Reached XP level 3. HP: 22/24 MP: 3/6
  1416 | D:2      | Reached skill level 1 in Ice Magic
  1532 | D:2      | Found a shattered altar of Ashenzari.
  1551 | D:2      | Noticed Sigmund
  1563 | D:2      | Killed Sigmund
  1563 | D:2      | Reached skill level 5 in Hexes
  1563 | D:2      | Reached XP level 4. HP: 30/30 MP: 7/7
  1643 | D:2      | Reached XP level 5. HP: 35/35 MP: 9/9
  1879 | D:3      | Noticed aori's ghost (average SpEn)
  1897 | D:2      | Learned a level 3 spell: Confuse
  2396 | D:3      | Killed aori's ghost
  2396 | D:3      | Reached skill level 6 in Stealth
  2396 | D:3      | Reached XP level 6. HP: 28/41 MP: 0/10
  2688 | D:3      | Noticed Robin
  2690 | D:3      | Found a radiant altar of Vehumet.
  2737 | D:3      | Killed Robin
  2768 | D:3      | Became a worshipper of Vehumet
  2859 | D:4      | Found Fasm's Gadget Emporium.
  2905 | D:4      | Found a staircase to the Ecumenical Temple.
  2920 | D:4      | Reached skill level 5 in Short Blades
  2976 | D:4      | Found Maraac's Jewellery Shoppe.
  2989 | D:4      | Reached XP level 7. HP: 43/46 MP: 9/12
  3026 | D:4      | Reached skill level 7 in Stealth
  3122 | D:4      | Found an iron altar of Okawaru.
  3239 | D:4      | Found Khacvul's Assorted Antiques.
  3254 | D:4      | Found Inimimm's Jewellery Shop.
  3266 | D:4      | Found Khugritecui's Assorted Antiques.
  3389 | D:4      | Acquired Vehumet's first power
  3389 | D:4      | Offered knowledge of Flame Tongue by Vehumet.
  3730 | D:4      | Offered knowledge of Throw Frost by Vehumet.
  3865 | D:4      | Reached XP level 8. HP: 22/52 MP: 3/13
  4541 | D:5      | Entered Level 5 of the Dungeon
  4567 | D:5      | Found a snail-covered altar of Cheibriados.
  4834 | D:5      | Offered knowledge of Stone Arrow by Vehumet.
  4933 | D:5      | Reached skill level 8 in Stealth
  5157 | D:5      | Found a shimmering altar of Xom.
  5524 | D:5      | Found a stormy altar of Qazlal.
  5720 | D:4      | Bought a +2 ring of protection for 100 gold pieces
  5724 | D:4      | Bought a cursed -5 ring of strength for 20 gold pieces
  5724 | D:4      | Bought a cursed -3 ring of dexterity for 20 gold pieces
  5806 | D:4      | Bought a tubular diamond ring for 120 gold pieces
  5806 | D:4      | Bought a moonstone ring for 120 gold pieces
  5870 | D:6      | Noticed Grinder
  5872 | D:6      | Paralysed by Grinder for 2 turns
  5880 | D:5      | Paralysed by Grinder for 7 turns
  5886 | D:5      | HP: 2/52 [black bear (4)]
  5894 | D:5      | Mangled by a black bear

Action                   |  1- 3 |  4- 6 |  7- 9 || total
-------------------------+-------+-------+-------++-------
Melee: Dagger            |   118 |   180 |   250 ||   548
Throw: Javelin           |       |       |     1 ||     1
 Cast: Ensorcelled Hiber |     9 |    12 |    47 ||    68
       Corona            |     1 |       |       ||     1
       Confuse           |       |     3 |     5 ||     8
 Abil: End Transformatio |       |       |     1 ||     1
       Bat Form          |       |       |     1 ||     1
  Use: Potion            |     1 |       |       ||     1
       Scroll            |       |       |     5 ||     5
 Stab: Sleeping          |    11 |    18 |    40 ||    69
       Confused          |       |     1 |     2 ||     3
       Distracted        |       |       |     1 ||     1
  Eat: Corpse            |       |       |     2 ||     2
